 Dungeon Crawl Stone Soup version 0.31.0-4-g52a2dc7128 (webtiles) character file.

Game seed: 1453391810297477095

165 gelatine the Ruffian (level 5, -5/37 HPs)
             Began as a Demonspawn Shapeshifter on Jan 22, 2024.
             Slain by Crazy Yiuf
             ... wielding a +4 quarterstaff of chaos
              (19 damage)
             ... on level 3 of the Dungeon.
             The game lasted 00:07:57 (2927 turns).

gelatine the Ruffian (Demonspawn Shapeshifter)      Turns: 2927, Time: 00:07:58

Health: -5/37      AC:  2    Str: 16    XL:     5   Next: 21%
Magic:  5/5        EV: 12    Int: 10    God:
Gold:   182        SH:  0    Dex: 13    Spells: 4/4 levels left

rFire   . .          .
                       - Unarmed
rCold   . . .        (no shield)
rNeg    . . .        a - +0 animal skin
rPois   .            (helmet currently unavailable)
rElec   .            (cloak currently unavailable)
rCorr   +            (gloves currently unavailable)
SInv    .            (boots currently unavailable)
Will    .....        (no amulet)
Stlth   +            n - ring of resist corrosion
HPRegen 0.26/turn    (no ring)
MPRegen 0.09/turn

%: no passive effects
@: mighty, beast-form, slowed, very slow
A: beast (slay +1), claws 1, demonic guardian 1, foul stench 1
a: Begin Untransformation


You were on level 3 of the Dungeon.
You were a hulking beast.
You visited 1 branch of the dungeon, and saw 3 of its levels.

You collected 182 gold pieces.

Inventory:

Armour
 a - a +0 animal skin (worn)
 p - a +0 helmet
Jewellery
 n - a ring of resist corrosion (left claw)
Talismans
 c - a beast talisman
 d - a flux talisman
Scrolls
 f - 2 scrolls of vulnerability {unknown}
 i - a scroll of torment
 k - a scroll of fear
 m - 2 scrolls of enchant armour {unknown}
 o - 2 scrolls of poison {unknown}
 q - a scroll of revelation
 r - a scroll of enchant weapon
 s - a scroll of noise {unknown}
 t - a scroll of immolation {unknown}
Potions
 b - a potion of lignification
 g - a potion of degeneration
 j - 3 potions of heal wounds
 l - a potion of curing


   Skills:
 + Level 1.3 Fighting
 + Level 2.1 Dodging
 + Level 0.5 Stealth
 * Level 4.5 Unarmed Combat
 * Level 3.4 Shapeshifting


You had 4 spell levels left.
You didn't know any spells.
Your spell library contained the following spells:

 Spells                   Type           Power      Damage    Failure   Level
 Cigotuvi's Dreadful Rot  Necr/Alch/Air  0%         N/A       50%         2
 Dispel Undead            Necr           0%         3d6       98%         4
 Martyr's Knell           Necr/Summ      0%         N/A       98%         4
 Death Channel            Necr           0%         N/A       100%        6


Dungeon Overview and Level Annotations

Branches:
Dungeon (3/15)

Altars:
Trog

Shops:
D:1 (

Annotations:
D:3 Crazy Yiuf


Innate Abilities, Weirdness & Mutations

You are a hulking beast.
Your limbs bulge with bestial killing power. (Slay +1)
You have sharp fingernails.
A weak demonic guardian rushes to your aid.
You may rarely emit foul miasma when damaged in melee.


Message History

As you read the scroll of identify, it crumbles to dust.
i - a scroll of torment Crazy Yiuf screams, "Ten tired snail!"
As you read the scroll of identify, it crumbles to dust.
k - a scroll of fear
As you read the scroll of identify, it crumbles to dust.
q - a scroll of revelation Crazy Yiuf twirls on the spot.
As you read the scroll of identify, it crumbles to dust.
r - a scroll of enchant weapon You open the door.
You scratch Crazy Yiuf but do no damage.
Crazy Yiuf hits you with a +4 quarterstaff of chaos!
A demonic guardian appears!
You feel yourself slow down.
You swap places.
Your ufetubus barely misses Crazy Yiuf.
Your ufetubus closely misses Crazy Yiuf.
Crazy Yiuf barely misses your ufetubus.
Your ufetubus hits Crazy Yiuf but does no damage. x2
Crazy Yiuf hits your ufetubus with a +4 quarterstaff of chaos!
You feel very mighty all of a sudden.
Your ufetubus closely misses Crazy Yiuf. x2
Your ufetubus hits Crazy Yiuf. x2; Crazy Yiuf barely misses your ufetubus.
Your ufetubus hits Crazy Yiuf but does no damage.
Your ufetubus hits Crazy Yiuf.
Crazy Yiuf closely misses your ufetubus.
Your ufetubus hits Crazy Yiuf. x2
Crazy Yiuf laughs, "Ten!
Powder broken senile."
Crazy Yiuf barely misses your ufetubus.
Your ufetubus closely misses Crazy Yiuf. x2
Your ufetubus barely misses Crazy Yiuf.
Your ufetubus hits Crazy Yiuf.
Crazy Yiuf hits your ufetubus with a +4 quarterstaff of chaos!
Your ufetubus dies!
Your ufetubus disappears in a puff of smoke!
Crazy Yiuf shouts!
Crazy Yiuf hits you with a +4 quarterstaff of chaos.
Crazy Yiuf freezes you.
Crazy Yiuf hits you with a +4 quarterstaff of chaos.
You are electrocuted!!
Ouch! That really hurt!
You die...

.....# ..#### .##
##### .# #..)# .####
#...# ....# ...
..#.# #'# ..#.##
##g# .....# #h##
..##.### ##.#
#..#...### #.##
##.......#### ##.##
#####.#.#..# #...##
###......# #....#
#.)......# #+..+#
##........###....#
###^.(..#......#...#


You could see Crazy Yiuf.

Vanquished Creatures
  An orc wizard (D:3)
  Robin (D:3)
  4 adders
  A dart slug (D:1)
  4 orcs (D:3)
  8 ball pythons
  7 endoplasms
  A giant cockroach (D:3)
  19 goblins
  6 hobgoblins
  9 jackals
  7 kobolds
  2 quokkas
  5 bats
  3 frilled lizards
  4 rats
82 creatures vanquished.

Notes
Turn   | Place    | Note
-------+----------+-------------------------------------------
     0 | D:1      | gelatine the Demonspawn Shapeshifter began the quest for
                  | the Orb.
     0 | D:1      | Reached XP level 1. HP: 15/15 MP: 1/1
   317 | D:1      | Gained mutation: You have sharp fingernails. [demonic
                  | ancestry]
   317 | D:1      | Reached XP level 2. HP: 21/21 MP: 2/2
   373 | D:1      | Reached skill level 3 in Unarmed Combat
   850 | D:1      | Gained mutation: You may rarely emit foul miasma when
                  | damaged in melee. [demonic ancestry]
   850 | D:1      | Reached XP level 3. HP: 16/26 MP: 3/3
   901 | D:1      | Found Tuxucs's Antique Weapon Shop.
  1121 | D:2      | Found a faded altar of an unknown god.
  1663 | D:2      | Reached XP level 4. HP: 32/32 MP: 4/4
  1931 | D:3      | Noticed Robin
  2023 | D:2      | Reached skill level 4 in Unarmed Combat
  2245 | D:3      | Killed Robin
  2472 | D:3      | Found a runed translucent door.
  2473 | D:3      | Noticed Crazy Yiuf
  2564 | D:3      | Gained mutation: A weak demonic guardian rushes to your
                  | aid. [demonic ancestry]
  2564 | D:3      | Reached XP level 5. HP: 22/37 MP: 5/5
  2829 | D:3      | Found a bloodstained altar of Trog.
  2927 | D:3      | Slain by Crazy Yiuf

Illustrated notes

Levels and vault maps discovered:
D:1:      onia_arrival_pentagram, layout_basic, serial_shops, shop
D:2:      layout_basic, hellmonk_ecumenical_altar_inner_sanctum
D:3:      layout_rooms, mainiacjoe_overflow_paths, kennysheep_generic_room_3,
          uniq_robin, uniq_crazy_yiuf_cottage

Skill      XL: |  1  2  3  4 |
---------------+-------------+-----
Shapeshifting  | 3 |  3.4
Unarmed Combat | 3 4 |  4.5
Dodging        | 2 |  2.1
Fighting       | |  1.3
Stealth        | |  0.5

Action                     |  1- 3 |  4- 6 || total
---------------------------+-------+-------++-------
  Melee: Unarmed           |   110 |    87 ||   197
         Punch             |     1 |     2 ||     3
    Use: Potion            |       |     3 ||     3
         Scroll            |       |     7 ||     7
   Stab: Sleeping          |       |     2 ||     2
 Armour: Animal skin       |    52 |    82 ||   134
         Skin              |       |    58 ||    58
  Dodge: Dodged            |    63 |    69 ||   132
